 Dungeon Crawl Stone Soup version 0.22-a0-352-gc608dd7 (webtiles) character file.

1311 Amnesiac the Digger (level 8, -3/52 HPs)
             Began as a Mummy Earth Elementalist on Apr 15, 2018.
             Was a Believer of Sif Muna.
             Slain by a bullfrog (8 damage)
             ... on level 6 of the Dungeon.
             The game lasted 00:13:05 (5456 turns).

Amnesiac the Digger (Mummy Earth Elementalist)      Turns: 5456, Time: 00:13:05

Health: -3/52      AC:  3    Str: 16    XL:     8   Next: 32%
Magic:  14/18      EV: 12    Int: 20    God:    Sif Muna [**....]
Gold:   231        SH:  0    Dex: 12    Spells: 9/21 levels left

rFire    x . .     SeeInvis .   a - +9 falchion "Cemishigh" {elec, rElec Int+4 Stlth-}
rCold    + . .     Gourm    .   (no shield)
rNeg     + + +     Faith    .   c - +0 robe
rPois    ∞         Spirit   .   (no helmet)
rElec    +         Reflect  .   (no cloak)
rCorr    .         Harm     .   f - +0 pair of gloves
MR       +....                  (no boots)
Stlth    +.........             (no amulet)
HPRegen  0.17/turn              j - +4 ring of strength
MPRegen  0.16/turn              (no ring)

@: divine energy
A: no food or potions, fire vulnerability, cold resistance 1, negative energy
resistance 3, torment resistance, unbreathing
a: Stop Divine Energy, Renounce Religion


You were on level 6 of the Dungeon.
You worshipped Sif Muna.
Sif Muna was pleased with you.
You were not hungry.

You visited 2 branches of the dungeon, and saw 7 of its levels.

You collected 231 gold pieces.

Inventory:

Hand Weapons
 a - the +9 falchion "Cemishigh" (weapon) {elec, rElec Int+4 Stlth-}
   (You took it off an orc on level 4 of the Dungeon)

   Occasionally, upon striking a foe, it will discharge some electrical energy
   and cause terrible harm.
   It affects your intelligence (+4).
   It insulates you from electricity.
   It makes you less stealthy.
 b - a +0 dagger
 l - a +0 trident
Missiles
 e - 61 stones (quivered)
 p - 20 poisoned needles
Armour
 c - a +0 robe (worn)
 f - a +0 pair of gloves (worn)
 s - a +0 buckler
Magical Staves
 g - an uncursed staff of air
Jewellery
 j - a +4 ring of strength (left hand)
Wands
 d - a wand of clouds (6)
 r - a wand of random effects (24)
Scrolls
 h - 3 scrolls of magic mapping {!r}
 i - 3 scrolls of remove curse {!r}
 k - 5 scrolls of teleportation {!r}
 m - a scroll of enchant armour {!r, unknown}
 n - a scroll of blinking {!r, unknown}
 q - a scroll of identify {!r}


   Skills:
 - Level 1.0 Short Blades
 - Level 1.5 Dodging
 - Level 2.0 Stealth
 + Level 7.3 Spellcasting
 - Level 0.7 Transmutations
 * Level 7.3 Earth Magic


You had 9 spell levels left.
You knew the following spells:

 Your Spells              Type           Power        Failure   Level  Hunger
a - Sandblast             Erth           #####.       1%          1    N/A
b - Passwall              Tmut/Erth      ###.......   2%          2    N/A
d - Lee's Rapid Deconstr  Erth           #####.....   13%         5    N/A
e - Petrify               Tmut/Erth      ###.....     17%         4    N/A

Dungeon Overview and Level Annotations

Branches:
Dungeon (6/15)             Temple (1/1) D:4

Altars:
Cheibriados
Dithmenos
Fedhas
Gozag
Hepliaklqana
Kikubaaqudgha
Makhleb
Qazlal
Ru
Sif Muna
Trog
Vehumet
Wu Jian
Xom
Zin
The Shining One

Annotations:
D:3 2 transporters


Innate Abilities, Weirdness & Mutations

You do not eat or drink.
Your flesh is vulnerable to fire.
You are immune to poison.
Your flesh is cold resistant. (rC+)
You are immune to negative energy. (rN+++)
You are immune to unholy pain and torment.
You can survive without breathing.


Message History

The gnoll is almost dead.
The gnoll barely misses you.
A hound comes into view.
The hound barks!
A bullfrog comes into view.
You hit the gnoll.
You kill the gnoll!
Sif Muna accepts your kill.
You slash the gnoll! Lightning courses through the gnoll!
You kill the gnoll!
Sif Muna accepts your kill.
You slash the gnoll!
The gnoll is severely wounded.
The gnoll closely misses you.
You barely miss the gnoll.
The gnoll is severely wounded.
The gnoll misses you.
You closely miss the gnoll.
The gnoll is severely wounded.
The gnoll hits you. The bullfrog hits you.
The gnoll hits you but does no damage.
You barely miss the gnoll.
The gnoll is severely wounded.
The bullfrog hits you but does no damage.
The bullfrog hits you. The hound bites you but does no damage.
The gnoll completely misses you.
You hit the gnoll.
You kill the gnoll!
Sif Muna accepts your kill. The bullfrog barely misses you.
The hound closely misses you. The bullfrog hits you! The hound bites you.
* * * LOW HITPOINT WARNING * * *
The gnoll closely misses you. The bullfrog closely misses you.
You riposte.
You barely miss the bullfrog. The hound bites you.
* * * LOW HITPOINT WARNING * * *
The bullfrog hits you.
* * * LOW HITPOINT WARNING * * *
The hound bites you but does no damage. The hound bites you.
* * * LOW HITPOINT WARNING * * *
The bullfrog hits you.
* * * LOW HITPOINT WARNING * * *
Casting: Petrify (safe; 17% risk of failure)
Confirm with . or Enter, or press ? or * to list all spells.
Aiming: Lee's Rapid Deconstruction (slightly dangerous; 13% risk of failure)
Press: ? - help, Dir - move target cursor You miscast Lee's Rapid Deconstruction.
Sif Muna protects you from the effects of your miscast!
The hound barely misses you.
You riposte.
You slash the hound!
The hound is heavily wounded.
The bullfrog closely misses you. The hound closely misses you.
Unknown command.
The bullfrog hits you.
* * * LOW HITPOINT WARNING * * *
The hound bites you.
* * * LOW HITPOINT WARNING * * *
Casting: Lee's Rapid Deconstruction (slightly dangerous; 13% risk of failure)
Confirm with . or Enter, or press ? or * to list all spells.
Aiming: Lee's Rapid Deconstruction (slightly dangerous; 13% risk of failure)
Press: ? - help, Dir - move target cursor
Okay, then.
The hound closely misses you. The bullfrog hits you!
You die...

..g... ...≈
#≈###.........##
....g
§..≈#+#≈###........##
....
.§.≈≈.≈≈.##........#
...#
............###....#
#..# #.........##
#....# #F.#
#.......## .....
..g## ###....## ...
....## ###..## #
.#..h## ###.@..#
###...#######ghF...#
##...#...........#
##.........###..#
###...##### ##..#
#..## #..# #..# #...#
##..# #..# ##...##


You could see a bullfrog, a hound and a gnoll.

Vanquished Creatures
  Grinder (D:5)
  An ice beast (D:5)
  A phantom (D:6)
  A sky beast (D:5)
  A big kobold (D:5)
  2 scorpions
  2 howler monkeys (D:4)
  2 bullfrog zombies (D:5)
  A centaur zombie (D:5)
  A bullfrog skeleton (D:5)
  A centaur skeleton (D:4)
  An orc wizard (D:4)
  Natasha (thrice) (D:2)
  Terence (D:1)
  An iguana (D:4)
  3 worker ants
  3 gnolls (D:6)
  9 adders
  An ooze (D:5)
  An adder skeleton (D:5)
  An adder zombie (D:5)
  A worm (D:3)
  2 dart slugs (D:2)
  2 leopard geckos
  10 orcs
  5 bats
  4 giant cockroaches
  10 goblins
  8 hobgoblins
  4 jackals (D:6)
  14 kobolds
  2 quokkas (D:4)
  2 ball pythons (D:2)
  A ball python zombie (D:5)
  7 frilled lizards
  A jackal zombie (D:5)
  2 leopard gecko zombies (D:5)
  A quokka zombie (D:5)
  5 rats
119 creatures vanquished.

Notes
Turn   | Place    | Note
-------+----------+-------------------------------------------
     0 | D:1      | Amnesiac the Mummy Earth Elementalist began the quest for the Orb.
     0 | D:1      | Reached XP level 1. HP: 13/13 MP: 4/4
   400 | D:2      | Reached XP level 2. HP: 4/19 MP: 1/5
   832 | D:4      | Noticed a phantom
   964 | D:4      | Learned a level 2 spell: Passwall
   983 | D:4      | Reached skill level 1 in Short Blades
   983 | D:4      | Reached XP level 3. HP: 10/24 MP: 0/7
   993 | D:4      | HP: 1/24 [iguana (10)]
  1533 | D:3      | Found a bloodstained altar of Trog.
  1535 | D:3      | Noticed a centaur
  1539 | D:3      | Noticed an ice beast
  1539 | D:3      | Found a transporter.
  1550 | D:3      | Found a transporter.
  1650 | D:3      | Reached XP level 4. HP: 28/30 MP: 6/9
  1656 | D:3      | Learned a level 4 spell: Petrify
  2279 | D:4      | Found a staircase to the Ecumenical Temple.
  2288 | Temple   | Entered the Ecumenical Temple
  2297 | Temple   | Became a worshipper of Sif Muna the Loreminder
  2415 | D:2      | Noticed Terence
  2938 | D:2      | Reached XP level 5. HP: 17/35 MP: 7/10
  3267 | D:2      | Noticed Natasha
  3270 | D:2      | Killed Natasha
  3280 | D:2      | Noticed Natasha
  3284 | D:2      | Killed Natasha
  3360 | D:2      | Noticed Natasha
  3365 | D:2      | Killed Natasha
  3966 | D:1      | Killed Terence
  3966 | D:1      | Reached XP level 6. HP: 31/41 MP: 1/12
  4053 | D:3      | Reached * piety under Sif Muna
  4356 | D:4      | Found an ancient bone altar of Kikubaaqudgha.
  4404 | D:4      | Found a shimmering altar of Xom.
  4450 | D:4      | Reached skill level 5 in Spellcasting
  4450 | D:4      | Reached skill level 5 in Earth Magic
  4494 | D:4      | Got a jewelled falchion {elec}
  4495 | D:4      | Identified the +9 falchion "Cemishigh" {elec, rElec Int+4 Stlth-} (You took it off an orc on level 4 of the Dungeon)
  4658 | D:5      | Entered Level 5 of the Dungeon
  4694 | D:5      | Learned a level 5 spell: Lee's Rapid Deconstruction
  4723 | D:5      | Noticed an ice beast
  4733 | D:5      | Killed an ice beast
  4733 | D:5      | Reached XP level 7. HP: 26/46 MP: 7/15
  4900 | D:5      | Reached ** piety under Sif Muna
  4937 | D:5      | Found a glowing golden altar of the Shining One.
  4968 | D:5      | Noticed Grinder
  4985 | D:5      | Killed Grinder
  4985 | D:5      | Reached XP level 8. HP: 22/52 MP: 7/18
  5456 | D:6      | Slain by a bullfrog

Vault maps used:
D:1:      dpeg_arrival_radiant
D:2:      first_ration, kennysheep_nub, uniq_terence, uniq_natasha
D:3:      gammafunk_temple_overflow_arena
D:4:      xom_butterflies, kiku_gazebo_garden_becter,
          minmay_temple_entry_statues_fountains
D:5:      old_standard_altar, serial_undead, serial_undead_e, serial_undead_d,
          serial_undead_d, serial_undead_d, uniq_grinder
D:6:      old_standard_altar, kennysheep_mini_moat, grunt_temple_overflow_open
Temple:   nicolae_temple_no_exploring_needed

Skill      XL: |  1  2  3  4  5  6  7  8 |
---------------+-------------------------+-----
Spellcasting   | 3 4 5 6 7 |  7.3
Earth Magic    | 3 4 5 6 7 |  7.3
Short Blades   | 1 |  1.0
Stealth        | 2 |  2.0
Dodging        | |  1.5
Transmutations | |  0.7

Action                   |  1- 3 |  4- 6 |  7- 9 || total
-------------------------+-------+-------+-------++-------
Melee: Dagger            |    69 |   122 |    29 ||   220
       Unarmed           |     7 |       |       ||     7
       Long sword        |       |    38 |       ||    38
       Falchion          |       |    17 |    76 ||    93
 Cast: Sandblast         |    21 |    48 |     5 ||    74
       Passwall          |     1 |     4 |       ||     5
       Petrify           |       |    13 |     5 ||    18
Invok: Divine Energy     |       |     1 |       ||     1
  Use: Scroll            |       |     6 |       ||     6
 Stab: Sleeping          |     3 |     2 |       ||     5
       Petrified         |       |    19 |    17 ||    36
       Petrifying        |       |     2 |       ||     2
Armor: Robe              |    11 |    26 |    16 ||    53
Dodge: Dodged            |    59 |   121 |    50 ||   230
       Rpst.: Long sword |       |     9 |       ||     9
       Falchion          |       |     4 |    16 ||    20

Table legend:
 A = Spawn XP
 B = Non-spawn XP
 C = Spawn XP percentage of total XP
 D = Spawn monster count
 E = Non-spawn monster count
 F = Spawn count percentage of total count
 G = Total turns spent on level
                    A         B        C        D         E        F      G
               +---------+---------+-------+---------+---------+-------+---------
         Total |       0 |    1874 |   0.0 |       0 |     117 |   0.0 |  5456
               +---------+---------+-------+---------+---------+-------+---------
           D:1 |       0 |      62 |   0.0 |       0 |      17 |   0.0 |  1338
           D:2 |       0 |     205 |   0.0 |       0 |      25 |   0.0 |   995
           D:3 |       0 |      43 |   0.0 |       0 |      16 |   0.0 |  1440
           D:4 |       0 |     343 |   0.0 |       0 |      17 |   0.0 |   860
           D:5 |       0 |     962 |   0.0 |       0 |      32 |   0.0 |   643
           D:6 |       0 |     245 |   0.0 |       0 |       9 |   0.0 |   155
        Temple |       0 |      14 |   0.0 |       0 |       1 |   0.0 |    25
               +---------+---------+-------+---------+---------+-------+---------
